 Dungeon Crawl Stone Soup version 0.25-a0-265-g7af84ae (webtiles) character file.

Game seed: 16956347867404388084, levelgen mode: deterministic

59 Birdy the Vexing (level 3, -2/28 HPs)
             Began as a Demigod Arcane Marksman on Dec 9, 2019.
             Slain by a kobold
             ... wielding a +2 short sword of electrocution
              (12 damage)
             ... on level 2 of the Dungeon.
             The game lasted 00:03:34 (1214 turns).

Birdy the Vexing (Demigod Arcane Marksman)          Turns: 1214, Time: 00:03:35

Health: -2/28      AC:  3    Str: 13    XL:     3   Next: 54%
Magic:  6/7        EV: 13    Int: 19    God:
Gold:   83         SH:  0    Dex: 16    Spells: 2/5 levels left

rFire    . . .     SeeInvis .   a - +0 hand crossbow
rCold    . . .     Gourm    .   (no shield)
rNeg     . . .     Faith    .   e - +1 robe
rPois    .         Spirit   .   (no helmet)
rElec    .         Reflect  .   (no cloak)
rCorr    .         Harm     .   (no gloves)
MR       .....                  (no boots)
Stlth    +.........             (no amulet)
HPRegen  0.09/turn              (no ring)
MPRegen  0.10/turn              (no ring)

@: no status effects
A: high mp 1
a: no special abilities


You were on level 2 of the Dungeon.
You were not hungry.

You visited 1 branch of the dungeon, and saw 2 of its levels.

You collected 83 gold pieces.

Inventory:

Hand Weapons
 a - a +0 hand crossbow (weapon)
Missiles
 d - 23 bolts (quivered)
Armour
 e - a +1 robe (worn)
Scrolls
 b - a scroll of teleportation
 h - a scroll of fog
Potions
 c - 2 potions of curing
Comestibles
 f - 2 rations


   Skills:
 + Level 1.5 Fighting
 + Level 2.3 Crossbows
 + Level 2.2 Dodging
 + Level 1.5 Spellcasting
 + Level 3.1 Hexes


You had 2 spell levels left.
You knew the following spells:

 Your Spells              Type           Power        Failure   Level  Hunger
a - Corona                Hex            ##.....      4%          1    ##.....
b - Slow                  Hex            ##......     8%          2    ###....

Your spell library contained the following spells:

 Spells                   Type           Power        Failure   Level  Hunger
 Inner Flame              Hex/Fire       #.......     28%         3    ####...
 Portal Projectile        Hex/Tloc       #.....       28%         3    ####...
 Cause Fear               Hex            ##........   43%         4    #####..
 Leda's Liquefaction      Hex/Erth       #.........   67%         4    #####..


Dungeon Overview and Level Annotations

Branches:
Dungeon (2/15)


Innate Abilities, Weirdness & Mutations

You have an increased reservoir of magic. (+10% MP)


Message History

d - 23 bolts (gained 1)
d - 24 bolts (gained 1)
A kobold comes into view.
It is wielding a +2 short sword of electrocution.
Casting: Corona (safe; 4% risk of failure)
Confirm with . or Enter, or press ? or * to list all spells.
Aiming: Corona (safe; 4% risk of failure)
Press: ? - help, Shift-Dir - straight line, f - kobold
Aim: a kobold, wielding a +2 short sword of electrocution (hasn't noticed you, chance to defeat MR: 67%)
The kobold shouts!
The kobold is outlined in light.
The kobold hits you with a +2 short sword of electrocution.
You are too injured to fight recklessly!
Firing (i - inventory)
d - 24 bolts (quivered)
Press: ? - help, Shift-Dir - straight line, f/p - kobold
Aim: a kobold, wielding a +2 short sword of electrocution (softly glowing)
You shoot a bolt. The bolt barely misses the kobold.
The kobold hits you but does no damage.
The kobold hits you with a +2 short sword of electrocution.
You are electrocuted!
You die...

.............###
..#.#.#.#.#.##
.#.#.....#
.........##
######....#
#........#
#.#.######.##
............#
##.###@#####
#...K.# #.#.#(#
...#.#.# #.# #.#
# ... ... ###
###


You could see a kobold.

Vanquished Creatures
  2 adders (D:2)
  3 dart slugs
  A leopard gecko (D:2)
  4 bats
  7 goblins
  A hobgoblin (D:1)
  5 frilled lizards
  7 kobolds
  7 rats
37 creatures vanquished.

Notes
Turn   | Place    | Note
-------+----------+-------------------------------------------
     0 | D:1      | Birdy the Demigod Arcane Marksman began the quest for the
                  | Orb.
     0 | D:1      | Reached XP level 1. HP: 15/15 MP: 4/4
    73 | D:1      | Reached skill level 1 in Fighting
   158 | D:1      | Reached XP level 2. HP: 14/23 MP: 6/6
   220 | D:1      | Learned a level 2 spell: Slow
   870 | D:2      | Reached skill level 3 in Hexes
   870 | D:2      | Reached XP level 3. HP: 8/28 MP: 7/7
  1214 | D:2      | Slain by a kobold

Levels and vault maps discovered:
D:1:      shiori_arrival_maze, layout_loops_ring
D:2:      layout_basic, first_ration

Skill      XL: |  1  2 |
---------------+-------+-----
Fighting       | 1 |  1.5
Crossbows      | 2 |  2.3
Dodging        | 2 |  2.2
Hexes          | 3 |  3.1
Spellcasting   | |  1.5

Action                   || total
-------------------------++-------
Melee: Unarmed           ||    68
 Fire: Hand crossbow     ||    65
 Cast: Corona            ||    10
       Slow              ||     4
  Use: Scroll            ||     4
       Potion            ||     1
  Eat: Chunk             ||     2
Armor: Robe              ||    26
Dodge: Dodged            ||    84

Table legend:
 A = Non-vault XP
 B = Vault XP
 C = Vault XP percentage of total XP
 D = Non-vault monster count
 E = Vault monster count
 F = Vault count percentage of total count
                 A         B        C        D         E       F
            +---------+---------+-------+---------+---------+-------
      Total |      81 |       4 |   4.7 |      35 |       2 |   5.4
            +---------+---------+-------+---------+---------+-------
        D:1 |      30 |       4 |  11.8 |      19 |       2 |   9.5
        D:2 |      51 |       0 |   0.0 |      16 |       0 |   0.0
            +---------+---------+-------+---------+---------+-------
